 Dungeon Crawl Stone Soup version 0.28.0-53-g5a82cb258f (webtiles) character file.

Game seed: 12670616769736288553

54 ILmort the Firebug (level 3, -7/26 HPs)
             Began as a Gnoll Fire Elementalist on Aug 20, 2022.
             Killed from afar by an orc wizard (12 damage)
             ... with a puff of flame
             ... on level 3 of the Dungeon.
             The game lasted 00:05:21 (1352 turns).

ILmort the Firebug (Gnoll Fire Elementalist)        Turns: 1352, Time: 00:05:22

Health: -7/26      AC:  2    Str:  7    XL:     3   Next: 91%
Magic:  3/9        EV: 13    Int: 16    God:
Gold:   89         SH:  0    Dex: 12    Spells: 8/12 levels left

rFire   . . .      SeeInvis .   d - +1 dagger (venom)
rCold   . . .      Faith    .   (no shield)
rNeg    . . .      Spirit   .   a - +0 robe
rPois   .          Reflect  .   (no helmet)
rElec   .          Harm     .   (no cloak)
rCorr   .          Rampage  .   (no gloves)
Will    .....                   (no boots)
Stlth   ++........              (no amulet)
HPRegen 0.08/turn               (no ring)
MPRegen 0.11/turn               (no ring)

@: no status effects
A: fangs 1, strong nose, distributed training
a: no special abilities


You were on level 3 of the Dungeon.
You visited 1 branch of the dungeon, and saw 4 of its levels.

You collected 89 gold pieces.

Inventory:

Hand Weapons
 d - a +1 dagger of venom (weapon)
Missiles
 i - 5 poisoned darts (quivered)
Armour
 a - a +0 robe (worn)
Scrolls
 b - 2 scrolls of fear {unknown}
 e - 3 scrolls of teleportation {unknown}
 f - 2 scrolls of noise {unknown}
 h - a scroll of identify {unknown}
Potions
 c - a potion of mutation {unknown}
 g - a potion of curing {unknown}


   Skills:
 + Level 1.0 Fighting
 + Level 1.0 Short Blades
 + Level 1.0 Long Blades
 + Level 1.0 Axes
 + Level 1.0 Maces & Flails
 + Level 1.0 Polearms
 + Level 1.0 Staves
 + Level 1.0 Slings
 + Level 1.0 Bows
 + Level 1.0 Crossbows
 + Level 1.0 Throwing
 + Level 1.0 Armour
 + Level 4.6 Dodging
 + Level 4.2 Stealth
 + Level 1.0 Shields
 + Level 1.0 Unarmed Combat
 + Level 5.0 Spellcasting
 + Level 2.1 Conjurations
 + Level 0.7 Hexes
 + Level 0.7 Summonings
 + Level 0.7 Necromancy
 + Level 0.7 Translocations
 + Level 0.7 Transmutations
 + Level 5.4 Fire Magic
 + Level 0.7 Ice Magic
 + Level 0.7 Air Magic
 + Level 0.7 Earth Magic
 + Level 0.7 Poison Magic
 + Level 1.0 Invocations
 + Level 1.0 Evocations


You had 8 spell levels left.
You knew the following spells:

 Your Spells              Type           Power      Damage    Failure   Level
a - Foxfire               Conj/Fire      64%        2x1d7     3%          1
b - Conjure Flame         Conj/Fire      16%        6-21      10%         3

Your spell library contained the following spells:

 Spells                   Type           Power      Damage    Failure   Level
 Scorch                   Fire           42%        2d7       2%          2
 Inner Flame              Hex/Fire       13%        N/A       13%         3
 Flame Wave               Conj/Fire      16%        2d6       32%         4


Dungeon Overview and Level Annotations

Branches:
Dungeon (4/15)
 Temple: D:4-7

Altars:

Annotations:
D:2 Robin


Innate Abilities, Weirdness & Mutations

You have very sharp teeth.
Your uncanny sense of smell can sniff out nearby items.
Your experience applies equally to all skills.


Message History

The foxfire hits the orc. x2
Casting: Foxfire (safe; 3% risk of failure)
You conjure some foxfire!
The foxfire hits the orc priest but does no damage.
The orc wizard gestures wildly while chanting.
The orc wizard flickers and vanishes!
Deactivating autopickup; reactivate with Ctrl-A.
The orc priest hits you but does no damage.
Casting: Foxfire (safe; 3% risk of failure)
You conjure some foxfire!
Casting: Foxfire (safe; 3% risk of failure)
There is not enough space to conjure foxfire!
You hit the orc but do no damage.
Casting: Foxfire (safe; 3% risk of failure)
There is not enough space to conjure foxfire!
A gnoll comes into view. It is wielding a +0 flail.
Casting: Foxfire (safe; 3% risk of failure)
You conjure some foxfire!
The orc closely misses you.
The orc hits your foxfire with a +0 hand axe.
Casting: Foxfire (safe; 3% risk of failure)
You conjure some foxfire!
The foxfire hits the orc.
You kill the orc!
Casting: Foxfire (safe; 3% risk of failure)
You conjure some foxfire!
The orc priest invokes the aid of Beogh against you.
Pain shoots through your body!
* * * LOW HITPOINT WARNING * * *
You hit the orc priest but do no damage.
The orc priest is poisoned.
The foxfire hits the orc priest but does no damage. x2
The orc priest closely misses you.
The foxfire hits the orc priest.
You hit the orc priest but do no damage.
The orc priest looks as sick as possible!
A gnoll comes into view. It is wielding a +0 spear.
Casting: Foxfire (safe; 3% risk of failure)
You conjure some foxfire!
You hear some strange, mumbled words.
A puff of flame appears from out of thin air!
The puff of flame hits you!
You die...

#....###.########
#.. #.# ##.. #.#
...# ##.# ###
####..# #..# ##..
.......##.#######...
#..............##
##..#.#######v..##
#....######@v...#
#....g..g{)o###....
##....######## .
#......# #....o.#
#....).# #..g...o.>.
#.#.........o
...#......##....


You could see an orc priest (extremely poisoned, ally target) and 2 gnolls.

Vanquished Creatures
  A gnoll (D:1)
  2 orcs (D:3)
  2 ball pythons (D:1)
  3 endoplasms
  7 goblins
  4 hobgoblins
  4 jackals (D:1)
  4 kobolds
  A quokka (D:1)
  3 bats
  4 frilled lizards
  4 rats
39 creatures vanquished.

Vanquished Creatures (collateral kills)
  A foxfire (D:1)
1 creature vanquished.

Vanquished Creatures (others)
  70 foxfires
  2 fungi (D:1)
  6 plants (D:1)
78 creatures vanquished.

Grand Total: 118 creatures vanquished

Notes
Turn   | Place    | Note
-------+----------+-------------------------------------------
     0 | D:1      | ILmort the Gnoll Fire Elementalist began the quest for the
                  | Orb.
     0 | D:1      | Reached XP level 1. HP: 13/13 MP: 6/6
   197 | D:1      | Reached XP level 2. HP: 18/19 MP: 5/7
   357 | D:1      | Reached XP level 3. HP: 25/25 MP: 5/9
   511 | D:1      | Reached skill level 5 in Spellcasting
   816 | D:1      | Found a faded altar of an unknown god.
   893 | D:2      | Reached skill level 1 in Invocations
   893 | D:2      | Noticed Robin
  1065 | D:2      | You fall into a shaft and drop 2 floors!
  1167 | D:3      | Learned a level 3 spell: Conjure Flame
  1225 | D:3      | Reached skill level 1 in Fighting
  1225 | D:3      | Reached skill level 1 in Short Blades
  1225 | D:3      | Reached skill level 1 in Long Blades
  1225 | D:3      | Reached skill level 1 in Axes
  1225 | D:3      | Reached skill level 1 in Maces & Flails
  1225 | D:3      | Reached skill level 1 in Polearms
  1225 | D:3      | Reached skill level 1 in Staves
  1225 | D:3      | Reached skill level 1 in Slings
  1225 | D:3      | Reached skill level 1 in Bows
  1225 | D:3      | Reached skill level 1 in Crossbows
  1225 | D:3      | Reached skill level 1 in Throwing
  1225 | D:3      | Reached skill level 1 in Armour
  1225 | D:3      | Reached skill level 1 in Shields
  1225 | D:3      | Reached skill level 1 in Unarmed Combat
  1225 | D:3      | Reached skill level 1 in Evocations
  1352 | D:3      | Killed from afar by an orc wizard

Illustrated notes

Levels and vault maps discovered:
D:1:      dpeg_arrival_round_a, layout_rooms,
          dreamdust_ecumenical_altar_hidden_monk_grotto, serial_bayou_ford_a
D:2:      minmay_alternating_diamond, layout_loops_cross, uniq_robin,
          uniq_crazy_yiuf_cottage, uniq_jessica
D:3:      layout_rooms
D:4:      kb_forest_paths, layout_loops_ring, minmay_temple_entry_mist,
          uniq_duvessa

Skill      XL: |  1  2  3 |
---------------+----------+-----
Conjurations   | 2 |  2.1
Spellcasting   | 5 |  5.0
Invocations    | 1 |  1.0
Fighting       | 1 |  1.0
Short Blades   | 1 |  1.0
Long Blades    | 1 |  1.0
Axes           | 1 |  1.0
Maces & Flails | 1 |  1.0
Polearms       | 1 |  1.0
Staves         | 1 |  1.0
Slings         | 1 |  1.0
Bows           | 1 |  1.0
Crossbows      | 1 |  1.0
Throwing       | 1 |  1.0
Armour         | 1 |  1.0
Shields        | 1 |  1.0
Unarmed Combat | 1 |  1.0
Evocations     | 1 |  1.0
Dodging        | |  4.6
Stealth        | |  4.2
Hexes          | |  0.7
Summonings     | |  0.7
Necromancy     | |  0.7
Translocations | |  0.7
Transmutations | |  0.7
Fire Magic     | |  5.4
Ice Magic      | |  0.7
Air Magic      | |  0.7
Earth Magic    | |  0.7
Poison Magic   | |  0.7

Action                   || total
-------------------------++-------
Melee: Dagger            ||    44
       Unarmed           ||     1
       Bite              ||     5
 Cast: Foxfire           ||    49
 Stab: Sleeping          ||     1
Armor: Robe              ||    12
Dodge: Dodged            ||    32
